 Dungeon Crawl Stone Soup version 0.30-b1-2-g02819fbbbe (webtiles) character file.

Game seed: 8200755624947081430

214 manyhoops the Digger (level 5, 0/38 HPs)
             Began as a Demigod Earth Elementalist on Nov 26, 2023.
             Slain by an iguana (11 damage)
             ... on level 4 of the Dungeon.
             The game lasted 00:07:26 (4117 turns).

manyhoops the Digger (Demigod Earth Elementalist)   Turns: 4117, Time: 00:07:26

Health: 0/38       AC:  3    Str:  9    XL:     5   Next: 33%
Magic:  6/11       EV: 11    Int: 21    God:
Gold:   198        SH:  5    Dex: 14    Spells: 3/9 levels left

rFire   . . .        m - +2 dagger (drain)
rCold   + . .        f - +0 buckler
rNeg    . . .        a - +0 robe
rPois   .            (no helmet)
rElec   .            n - +0 cloak
rCorr   .            (no gloves)
SInv    .            (no boots)
Will    .....        (no amulet)
Stlth   ++           i - ring of flight
HPRegen 0.26/turn    u - ring of protection from cold
MPRegen 0.12/turn

%: no passive effects
@: flying, very slightly contaminated
A: high MP 1, forlorn, divine attributes
a: no special abilities


You were on level 4 of the Dungeon.
You visited 1 branch of the dungeon, and saw 4 of its levels.

You collected 226 gold pieces.
You spent 28 gold pieces at shops.

Inventory:

Hand Weapons
 m - a +2 dagger of draining (weapon)
Armour
 a - a +0 robe (worn)
 f - a +0 buckler (worn)
 n - a +0 cloak (worn)
Jewellery
 i - a ring of flight (left hand)
 u - a ring of protection from cold (right hand)
Scrolls
 c - a scroll of noise
 d - a scroll of enchant armour
 h - a scroll of teleportation
 l - a scroll of vulnerability
 o - 3 scrolls of poison {unknown}
 p - a scroll of blinking {unknown}
 q - a scroll of immolation {unknown}
 r - a scroll of brand weapon {unknown}
 t - a scroll of acquirement {unknown}
Potions
 b - a potion of magic
 e - 2 potions of lignification {unknown}
 g - a potion of curing {unknown}
 j - a potion of might
 k - a potion of invisibility {unknown}
 s - a potion of brilliance {unknown}


   Skills:
 - Level 1.8 Dodging
 - Level 1.7 Stealth
 + Level 3.5 Shields
 - Level 2.7 Spellcasting
 - Level 0.8 Transmutations
 - Level 3.7 Earth Magic


You had 3 spell levels left.
You knew the following spells:

 Your Spells              Type           Power      Damage    Failure   Level
a - Sandblast             Erth           36%        2d10      4%          1
b - Passwall              Tmut/Erth      10%        N/A       12%         2
c - Stone Arrow           Conj/Erth      20%        3d8       28%         3

Your spell library contained the following spells:

 Spells                   Type           Power      Damage    Failure   Level
 Summon Guardian Golem    Hex/Summ       2%         N/A       52%         3
 Petrify                  Tmut/Erth      12%        N/A       61%         4
 Orb of Destruction       Conj           1%         9d5       100%        7
 Spellforged Servitor     Conj/Summ      1%         N/A       100%        7


Dungeon Overview and Level Annotations

Branches:
Dungeon (4/15)
 Temple: D:4-7

Shops:
D:1 *   D:4 !([

Annotations:
D:2 1 runed translucent door, Crazy Yiuf


Innate Abilities, Weirdness & Mutations

You have an increased reservoir of magic. (+10% MP)
You shall have no god before yourself.
Your divine heritage dramatically boosts your attributes as you level up.


Message History

The iguana is moderately wounded.
Unknown command.
Casting: Sandblast (safe; 4% risk of failure)
Confirm with . or Enter, or press ? or * to list all spells.
Aiming: Sandblast (safe; 4% risk of failure)
Press: ? - help, Shift-Dir - straight line, f/p - iguana
Aim: an iguana (moderately wounded, 84% to hit)
The blast of sand hits the iguana but does no damage.
The iguana is moderately wounded.
The iguana bites you. x2
Unknown command.
Casting: Sandblast (safe; 4% risk of failure)
Confirm with . or Enter, or press ? or * to list all spells.
Aiming: Sandblast (safe; 4% risk of failure)
Press: ? - help, Shift-Dir - straight line, f/p - iguana
Aim: an iguana (moderately wounded, 84% to hit)
The blast of sand hits the iguana but does no damage.
The iguana is moderately wounded.
The iguana bites you!
Unknown command.
Casting: Sandblast (safe; 4% risk of failure)
Confirm with . or Enter, or press ? or * to list all spells.
Aiming: Sandblast (safe; 4% risk of failure)
Press: ? - help, Shift-Dir - straight line, f/p - iguana
Aim: an iguana (moderately wounded, 84% to hit)
The blast of sand hits the iguana but does no damage.
The iguana is moderately wounded.
The quokka barely misses you. The iguana barely misses you.
The quokka barely misses you. The iguana bites you!
Casting: Sandblast (safe; 4% risk of failure)
Confirm with . or Enter, or press ? or * to list all spells.
Aiming: Sandblast (safe; 4% risk of failure)
Press: ? - help, Shift-Dir - straight line, f/p - iguana
Aim: an iguana (moderately wounded, 84% to hit)
You miscast Sandblast.
You are very lightly contaminated with residual magic.
Nothing appears to happen.
The quokka bites you.
* * * LOW HITPOINT WARNING * * *
The iguana bites you!
You die...

~~...).###.....
~~~.............
~~~.............
~~#........$...
..[..........
#...........
#...rl...... .#
#...@# .. #....#
#.####†.## #
#.#......#.#..
##.....†.......
##.............. #
#........#......
..#.......##......
......#..## ......


You could see an iguana and a quokka.

Vanquished Creatures
  A scorpion (D:4)
  2 hounds (D:4)
  An iguana (D:4)
  An adder (D:2)
  2 orcs (D:3)
  4 endoplasms
  3 giant cockroaches
  3 goblins
  9 hobgoblins
  6 jackals
  6 quokkas
  2 ball pythons
  6 bats
  2 frilled lizards (D:1)
  6 kobolds
  5 rats
59 creatures vanquished.

Notes
Turn   | Place    | Note
-------+----------+-------------------------------------------
     0 | D:1      | manyhoops the Demigod Earth Elementalist began the quest
                  | for the Orb.
     0 | D:1      | Reached XP level 1. HP: 14/14 MP: 5/5
   468 | D:1      | Reached XP level 2. HP: 20/20 MP: 5/7
   823 | D:1      | Found Nycu's General Store.
   844 | D:1      | Bought a scroll of identify for 28 gold pieces
   986 | D:1      | You fall into a shaft and drop 1 floor!
  1440 | D:2      | Found a runed translucent door.
  1441 | D:2      | Noticed Crazy Yiuf
  1526 | D:2      | Reached XP level 3. HP: 26/26 MP: 6/9
  1645 | D:2      | Learned a level 2 spell: Passwall
  1649 | D:2      | Learned a level 3 spell: Stone Arrow
  3882 | D:4      | Noticed an ogre
  3910 | D:4      | Reached skill level 1 in Shields
  3910 | D:4      | Reached XP level 4. HP: 33/33 MP: 7/10
  3998 | D:4      | Found Hukhiw's Weapon Boutique.
  3999 | D:4      | Found Reqofon's Distillery.
  4000 | D:4      | Found Rapuwo's Antique Armour Boutique.
  4033 | D:4      | Reached XP level 5. HP: 33/38 MP: 6/11
  4117 | D:4      | Slain by an iguana

Illustrated notes

Levels and vault maps discovered:
D:1:      minmay_arrival_four_houses, layout_basic, serial_shops, shop,
          hangedman_decor_diamond_cutter
D:2:      layout_basic, hellmonk_ecumenical_altar_zigzags, serial_aquarium,
          aquarium_bridge_island_small [aquarium_subvault_small_open,
          aquarium_subvault_wall, aquarium_subvault_bridge,
          aquarium_subvault_balcony, aquarium_subvault_bridge],
          aquarium_bridge_square [aquarium_subvault_bridge,
          aquarium_subvault_bridge, aquarium_subvault_balcony,
          aquarium_subvault_wall], aquarium_window_2, aquarium_window_2,
          aquarium_window_fake, aquarium_view_2d, uniq_crazy_yiuf_cottage
D:3:      layout_basic, ashenzari_altar_1, minmay_misc_feat_rugged
D:4:      minmay_polygon_palace, layout_cave_pools, mainiacjoe_overflow_catwalk,
          cheibrodos_sewer_entry_drain, nicolae_shop_distant_corner_stores

Skill      XL: |  1  2  3  4 |
---------------+-------------+-----
Spellcasting   | 2 |  2.7
Earth Magic    | 3 |  3.7
Shields        | 1 3 |  3.5
Dodging        | |  1.8
Stealth        | |  1.7
Transmutations | |  0.8

Action                     |  1- 3 |  4- 6 || total
---------------------------+-------+-------++-------
  Melee: Unarmed           |     5 |       ||     5
         Dagger            |     7 |       ||     7
   Cast: Sandblast         |    81 |    17 ||    98
    Use: Scroll            |     5 |       ||     5
 Armour: Robe              |    12 |     5 ||    17
  Dodge: Dodged            |    39 |     8 ||    47
  Block: Buckler           |     3 |     5 ||     8
